 Dungeon Crawl Stone Soup version 0.32-a0-913-g739538afd8 (webtiles) character file.

Game seed: 4972253604381829729

366 ezpacito the Chopper (level 6, -21/48 HPs)
             Began as a Coglin Chaos Knight on Apr 8, 2024.
             Was a Plaything of Xom.
             Demolished by an ogre
             ... wielding a +0 giant spiked club
              (24 damage)
             ... on level 4 of the Dungeon.
             The game lasted 00:02:27 (2821 turns).

ezpacito the Chopper (Coglin Chaos Knight)          Turns: 2821, Time: 00:02:28

Health: -21/48     AC:  6    Str: 14    XL:     6   Next: 68%
Magic:  7/7        EV: 11    Int: 11    God:    Xom [.*....]
Gold:   175        SH:  0    Dex: 14    Spells: 7/7 levels left

rFire   . . .        a - +0 hand axe (chaos) {Oskar}
rCold   . . .        c - +2 short sword (drain) {Fernando}
rNeg    . . .        b - +2 leather armour
rPois   .            (no helmet)
rElec   .            (no cloak)
rCorr   .            (no gloves)
SInv    .            m - +0 pair of boots
Will    .....        (amulet unavailable)
Stlth   +            (ring unavailable)
HPRegen 0.28/turn    (ring unavailable)
MPRegen 0.10/turn    (no gizmo)

%: no passive effects
@: revving
A: off-hand wielding, slow wielding, warmup strikes, no jewellery
a: Invent Gizmo, Renounce Religion


You were on level 4 of the Dungeon.
You worshipped Xom.
You were a plaything of Xom.
You visited 1 branch of the dungeon, and saw 4 of its levels.

You collected 175 gold pieces.

Inventory:

Hand Weapons
 a - a +0 hand axe of chaos (weapon) {Oskar}
 c - a +2 short sword of draining (offhand) {Fernando}
Missiles
 l - 10 boomerangs (quivered)
 s - 2 silver javelins
Armour
 b - a +2 leather armour (worn)
 m - a +0 pair of boots (worn)
Magical Staves
 j - a staff of earth
Wands
 p - a wand of roots (7)
Scrolls
 g - 3 scrolls of identify {unknown}
 h - a scroll of teleportation {unknown}
 i - a scroll of enchant weapon {unknown}
 k - a scroll of enchant armour {unknown}
 n - a scroll of blinking {unknown}
 o - a scroll of fear {unknown}
Potions
 d - a potion of ambrosia {unknown}
 e - a potion of brilliance {unknown}
 f - a potion of magic
 q - a potion of curing
 r - a potion of enlightenment {unknown}
 t - a potion of lignification {unknown}


   Skills:
 * Level 3.9 Fighting
 * Level 4.0(4.3) Axes
 * Level 2.1(3.2) Polearms
 * Level 3.0 Armour
 * Level 2.3 Dodging
 + Level 1.1 Stealth
 + Level 1.0 Spellcasting
 + Level 1.8 Evocations


You had 7 spell levels left.
You didn't know any spells.
Your spell library contained the following spells:

 Spells                   Type           Power      Damage    Failure   Level
 Call Imp                 Summ           0%         N/A       52%         2
 Lesser Beckoning         Tloc           0%         N/A       52%         2
 Sublimation of Blood     Necr           0%         N/A       52%         2
 Maxwell's Portable Pile  Tloc           0%         2d(5-13)  75%         3
 Teleport Other           Tloc           0%         N/A       75%         3
 Summon Hydra             Summ           0%         N/A       100%        7


Dungeon Overview and Level Annotations

Branches:
Dungeon (4/15)
 Temple: D:4-7

Altars:
Nemelex Xobeh
Vehumet
The Shining One


Innate Abilities, Weirdness & Mutations

You can wield a second weapon in your off-hand.
It takes a long time for you to wield or remove held weapons.
Your first few attacks do less damage.
You cannot equip rings or amulets.


Message History

No target in view!
You now have 175 gold pieces (gained 14).
There is an open door here.
An ogre is nearby!
The ogre shouts!
You hit the ogre but do no damage.
You hit the ogre with your +0 hand axe of chaos.
You freeze the ogre.
A giant cockroach comes into view.
The ogre hits you with a +0 giant spiked club!!
You take 18 damage, and have 30/48 hp.
MASSIVE DAMAGE!!
You are too injured to fight recklessly!
You are too injured to fight recklessly!
You are too injured to fight recklessly!
You are too injured to fight recklessly!
You are too injured to fight recklessly!
You are too injured to fight recklessly!
There are monsters nearby!
You barely miss the ogre with your +0 hand axe of chaos.
The ogre is moderately wounded.
You closely miss the ogre with your +2 short sword of draining.
The ogre barely misses you.
You barely miss the ogre with your +2 short sword of draining.
The ogre is moderately wounded.
You hit the ogre with your +0 hand axe of chaos.
The ogre seems to grow stronger.
The ogre hits you with a +0 giant spiked club!!
Ouch! That really hurt!
* * * LOW HITPOINT WARNING * * *
You take 29 damage, and have 2/48 hp.
MASSIVE DAMAGE!!
You barely miss the ogre with your +0 hand axe of chaos.
The ogre is moderately wounded.
You hit the ogre with your +2 short sword of draining.
You drain the ogre.
Okay, then.
It was a potion of magic.
Magic courses through your body.
The ogre hits you with a +0 giant spiked club!!
Ouch! That really hurt!
You die...
Xom thinks this is hilarious!

##...###...###...##
##### #...# #####
#...###...##
#...##.....##
#...#.......#
+...'.......#
#...#.......#
#...##.....##
#.@.###...##
#.BO..#####
#....#.....
##..........
##....####. #....#
...... .......


You could see an ogre (strong, drained) and a giant cockroach.

Vanquished Creatures
  A howler monkey (D:3)
  A bombardier beetle (D:3)
  An orc priest (D:4)
  Jessica (D:2)
  An orc wizard (D:4)
  Natasha (twice) (D:2)
  6 adders
  2 dart slugs
  9 orcs (D:4)
  4 bats
  6 endoplasms
  3 giant cockroaches
  6 goblins
  9 hobgoblins
  7 jackals
  3 kobolds
  A quokka (D:4)
  4 ball pythons
  4 rats
71 creatures vanquished.

Vanquished Creatures (collateral kills)
  An orc wizard (D:4)
1 creature vanquished.

Grand Total: 72 creatures vanquished

Notes
Turn   | Place    | Note
-------+----------+-------------------------------------------
     0 | D:1      | ezpacito the Coglin Chaos Knight began the quest for the
                  | Orb.
     0 | D:1      | Reached XP level 1. HP: 18/18 MP: 1/1
   144 | D:1      | XOM: divination: magic mapping
   145 | D:1      | Reached skill level 1 in Dodging
   198 | D:1      | XOM: 4-stop teleportation journey
   201 | D:1      | Reached XP level 2. HP: 21/24 MP: 2/2
   213 | D:1      | Found a faded altar of an unknown god.
   641 | D:2      | a ball python changed into a scorpion
   641 | D:2      | Noticed a scorpion
   641 | D:2      | XOM: polymorph ball python -> scorpion
   650 | D:2      | XOM: cast spell 'Fugue of the Fallen'
   656 | D:2      | a scorpion changed into a dart slug
   656 | D:2      | XOM: polymorph scorpion -> dart slug
   679 | D:2      | Reached XP level 3. HP: 26/29 MP: 3/3
   782 | D:2      | Noticed Natasha
   787 | D:2      | Killed Natasha
   788 | D:2      | Reached skill level 1 in Polearms
   788 | D:2      | Reached XP level 4. HP: 33/35 MP: 4/4
   788 | D:2      | XOM: divination: detect items
   807 | D:2      | Found a glowing golden altar of the Shining One.
   840 | D:2      | XOM: 3-stop teleportation journey
   873 | D:2      | Noticed Jessica
   876 | D:2      | Killed Jessica
   877 | D:2      | Reached skill level 1 in Evocations
  1280 | D:2      | Noticed Natasha
  1289 | D:2      | Killed Natasha
  1290 | D:2      | Reached XP level 5. HP: 31/41 MP: 5/5
  1771 | D:3      | XOM: 1-stop teleportation journey
  1972 | D:3      | Reached XP level 6. HP: 48/48 MP: 7/7
  2178 | D:3      | Found a sparkling altar of Nemelex Xobeh.
  2242 | D:3      | Found a radiant altar of Vehumet.
  2242 | D:3      | Found a glowing golden altar of the Shining One.
  2544 | D:4      | Reached skill level 1 in Stealth
  2545 | D:4      | XOM: summons friendly quasit
  2554 | D:4      | Reached skill level 1 in Spellcasting
  2720 | D:4      | Reached skill level 4 in Axes
  2802 | D:4      | XOM: cast spell 'Dispersal'
  2819 | D:4      | HP: 2/48 [ogre/+0 giant spiked club (29)]
  2821 | D:4      | Demolished by an ogre

Illustrated notes

Levels and vault maps discovered:
D:1:      matt_arrival_los_fun, layout_rooms, nicolae_ecumenical_lake_church
D:2:      layout_loops_ring, basic_altar, hangedman_decor_points, uniq_natasha,
          uniq_jessica
D:3:      layout_basic, overflow_temple_1_default,
          gammafunk_temple_overflow_statue, chequers_serial_rivers_small_a
D:4:      kennysheep_six_static_rooms, layout_cave_pools, abandoned_shop,
          dilly_guarded_unrand_throatcut

Skill      XL: |  1  2  3  4  5  6 |
---------------+-------------------+-----
Dodging        | 1 2 |  2.3
Armour         | 2 3 |  3.0
Polearms       | 1 2 |  2.1
Evocations     | 1 |  1.8
Stealth        | 1 |  1.1
Spellcasting   | 1 |  1.0
Axes           | 4 |  4.0
Fighting       | |  3.9

Action                     |  1- 3 |  4- 6 || total
---------------------------+-------+-------++-------
  Melee: Hand axe          |    37 |    90 ||   127
         Dagger            |    27 |       ||    27
         Short sword       |     6 |    85 ||    91
    Use: Potion            |     1 |     4 ||     5
         Scroll            |     1 |       ||     1
   Stab: Sleeping          |     1 |     1 ||     2
         Petrified         |       |     5 ||     5
 Armour: Leather armour    |    28 |    85 ||   113
  Dodge: Dodged            |    24 |    50 ||    74

Table legend: (Time is in decaauts)
 A = Elapsed time spent in this place.
 B = Non-inter-level travel time spent in this place.
 C = Inter-level travel time spent in this place.
 D = Time resting spent in this place.
 E = Time spent auto-exploring this place.
 F = Levels seen in this place.
 G = Mean time per level.
                   A        B        C        D        E       F      G
               +--------+--------+--------+--------+--------+-----+--------+
         Total |   2828 |   2686 |    142 |      0 |   2299 |   4 |  707.0 |
       Dungeon |   2828 |   2686 |    142 |      0 |   2299 |   4 |  707.0 |
               +--------+--------+--------+--------+--------+-----+--------+

Top non-repeatable levels by time:
     D:3: 1129 daAuts
     D:2: 750 daAuts
     D:1: 639 daAuts
     D:4: 309 daAuts
